BSA
CHICAGO MACHINE @ MADISON BOMBERS
09/29/2026
 
TOP OF THE 1ST
Chicago Machine batting - Pitching for Madison Bombers : LHP Bill Moore
Pitching: LHP Bill Moore
Batting: RHB Gonzalo Gil 0-0: Swinging Strike
0-1: Called Strike
0-2: Ball
1-2: Strikes out swinging
Batting: RHB Derek Ramsey 0-0: Called Strike
0-1: Ball
1-1: Foul Ball, location: 2F
1-2: Foul Ball, location: 2F
1-2: Foul Ball, location: 2F
1-2: DOUBLE (Line Drive, 7LM)
Batting: RHB Doug Stephens 0-0: Ball
1-0: Called Strike
1-1: Ball
2-1: Fly out, F9 (Flyball, 9S)
Batting: RHB Edward Young 0-0: Ball
1-0: Fly out, F7 (Line Drive, 78M)
Top of the 1st over - 0 run(s), 1 hit(s), 0 error(s), 1 left on base; Chicago 0 - Madison 0
BOTTOM OF THE 1ST
Madison Bombers batting - Pitching for Chicago Machine : RHP Geoffrey Keller
Pitching: RHP Geoffrey Keller
Batting: RHB Guo-xiu Choi 0-0: Ball
1-0: Ground out 4-3 (Groundball, 4)
Batting: RHB Alonso Holguín 0-0: Ground out 6-3 (Groundball, 56)
Batting: LHB Seung-chun Mun 0-0: Foul Ball, location: 2F
0-1: Swinging Strike
0-2: Strikes out swinging
Bottom of the 1st over - 0 run(s), 0 hit(s), 0 error(s), 0 left on base; Chicago 0 - Madison 0
TOP OF THE 2ND
Chicago Machine batting - Pitching for Madison Bombers : LHP Bill Moore
Batting: SHB José Alomar 0-0: Ground out 6-3 (Groundball, 6)
Batting: LHB Eric Wheeler 0-0: DOUBLE (Flyball, 78XD)
Batting: SHB Jesús Ramírez 0-0: Foul Ball, location: 2F
0-1: Foul Ball, location: 2F
0-2: Foul Ball, location: 2F
0-2: Ball
1-2: Ball
2-2: Strikes out looking
Batting: RHB Roberto Cardona 0-0: Foul Ball, location: 2F
0-1: SINGLE (Groundball, 15) (infield hit)
Eric Wheeler to third
Batting: SHB Joaquín López 0-0: Ball
1-0: Called Strike
1-1: Reached on error, E1 (Groundball, 25)
Eric Wheeler scores
Roberto Cardona to second
Batting: RHB Gonzalo Gil 0-0: Ball
1-0: Ground out 2-3 (Groundball, 2R)
Top of the 2nd over - 1 run(s), 2 hit(s), 1 error(s), 2 left on base; Chicago 1 - Madison 0
BOTTOM OF THE 2ND
Madison Bombers batting - Pitching for Chicago Machine : RHP Geoffrey Keller
Batting: LHB Mike Callahan 0-0: Called Strike
0-1: Foul Ball, location: 2F
0-2: Ball
1-2: SINGLE (Groundball, 3D)
Batting: RHB Sergio Márquez 0-0: Grounds into double play, 6-4-3 (Groundball, 6)
Batting: LHB Sixto Cantú 0-0: Ball
1-0: Called Strike
1-1: Ball
2-1: Called Strike
2-2: Ground out 4-3 (Groundball, 13)
Bottom of the 2nd over - 0 run(s), 1 hit(s), 0 error(s), 0 left on base; Chicago 1 - Madison 0
TOP OF THE 3RD
Chicago Machine batting - Pitching for Madison Bombers : LHP Bill Moore
Batting: RHB Derek Ramsey 0-0: Ball
1-0: Ball
2-0: Ball
3-0: Called Strike
3-1: Called Strike
3-2: Foul Ball, location: 2F
3-2: SINGLE (Line Drive, 9LS)
Batting: RHB Doug Stephens 0-0: Called Strike
0-1: SINGLE (Groundball, 56D)
Derek Ramsey to second
Batting: RHB Edward Young 0-0: Ball
1-0: Grounds into double play, 6-4-3 (Groundball, 6)
Derek Ramsey to third
Batting: SHB José Alomar 0-0: Ball
1-0: Ground out 5-3 (Groundball, 5L)
Top of the 3rd over - 0 run(s), 2 hit(s), 0 error(s), 1 left on base; Chicago 1 - Madison 0
BOTTOM OF THE 3RD
Madison Bombers batting - Pitching for Chicago Machine : RHP Geoffrey Keller
Batting: RHB Quinton Martínez 0-0: SINGLE (Groundball, 56D)
Batting: SHB Dave MacThomas 0-0: Ball
1-0: Called Strike
1-1: Ball
2-1: Ball
3-1: Base on Balls
Quinton Martínez to second
Batting: LHB José Feliciano 0-0: Foul Ball, location: 2F
0-1: Swinging Strike
0-2: Strikes out swinging
Batting: RHB Guo-xiu Choi 0-0: Called Strike
0-1: Called Strike
0-2: Foul Ball, location: 2F
0-2: Ball
1-2: SINGLE (Flyball, 8LS)
Quinton Martínez to third
Dave MacThomas to second
Batting: RHB Alonso Holguín 0-0: Ball
1-0: Ball
2-0: Called Strike
2-1: Fly out, F8 (Flyball, 8RM)
Runner from 3rd tags up, SCORES, throw made
Batting: LHB Seung-chun Mun 0-0: Ball
1-0: Ball
2-0: Ball
3-0: Base on Balls
Dave MacThomas to third
Guo-xiu Choi to second
Batting: LHB Mike Callahan 0-0: Foul Ball, location: 2F
0-1: Ball
1-1: Ball
2-1: Ball
3-1: DOUBLE (Line Drive, 5L)
Dave MacThomas scores
Guo-xiu Choi scores
Seung-chun Mun to third
Batting: RHB Sergio Márquez 0-0: SINGLE (Groundball, 4M) (infield hit)
Seung-chun Mun scores
Mike Callahan to third
Batting: LHB Sixto Cantú 0-0: Ball
1-0: Ball
2-0: Called Strike
2-1: Foul Ball, location: 2F
2-2: Foul Ball, location: 2F
2-2: Fly out, F8 (Flyball, 89D)
Bottom of the 3rd over - 4 run(s), 4 hit(s), 0 error(s), 2 left on base; Chicago 1 - Madison 4
TOP OF THE 4TH
Chicago Machine batting - Pitching for Madison Bombers : LHP Bill Moore
Batting: LHB Eric Wheeler 0-0: Called Strike
0-1: Ball
1-1: Ball
2-1: Ball
3-1: Swinging Strike
3-2: Base on Balls
Batting: SHB Jesús Ramírez 0-0: Swinging Strike
0-1: Foul Ball, location: 2F
0-2: Ball
1-2: Strikes out swinging
Batting: RHB Roberto Cardona 0-0: Called Strike
0-1: Called Strike
0-2: Ball
1-2: Fly out, F8 (Flyball, 8LS)
Batting: SHB Joaquín López 0-0: Ball
1-0: Called Strike
1-1: Ball
2-1: Ball
3-1: Fly out, F8 (Line Drive, 8LM)
Top of the 4th over - 0 run(s), 0 hit(s), 0 error(s), 1 left on base; Chicago 1 - Madison 4
BOTTOM OF THE 4TH
Madison Bombers batting - Pitching for Chicago Machine : RHP Geoffrey Keller
Batting: RHB Quinton Martínez 0-0: Called Strike
0-1: Called Strike
0-2: Ball
1-2: Foul Ball, location: 2F
1-2: Strikes out swinging
Batting: SHB Dave MacThomas 0-0: Ground out U3 (Groundball, 3S)
Batting: LHB José Feliciano 0-0: Swinging Strike
0-1: Ball
1-1: Ground out 4-3 (Groundball, 4)
Bottom of the 4th over - 0 run(s), 0 hit(s), 0 error(s), 0 left on base; Chicago 1 - Madison 4
TOP OF THE 5TH
Chicago Machine batting - Pitching for Madison Bombers : LHP Bill Moore
Batting: RHB Gonzalo Gil 0-0: Ball
1-0: SINGLE (Groundball, 6MD)
Batting: RHB Derek Ramsey 0-0: Ball
1-0: Ball
Gonzalo Gil is caught stealing 2nd base
2-0: Called Strike
2-1: Swinging Strike
2-2: Ball
3-2: Fly out, F4 (Popup, 34)
Batting: RHB Doug Stephens 0-0: Ball
1-0: Ball
2-0: Called Strike
2-1: Foul Ball, location: 2F
2-2: Ball
3-2: Foul Ball, location: 2F
3-2: Ground out 4-3 (Groundball, 4)
Top of the 5th over - 0 run(s), 1 hit(s), 0 error(s), 0 left on base; Chicago 1 - Madison 4
BOTTOM OF THE 5TH
Madison Bombers batting - Pitching for Chicago Machine : RHP Geoffrey Keller
Batting: RHB Guo-xiu Choi 0-0: Ball
1-0: Called Strike
1-1: Foul Ball, location: 2F
1-2: Foul Ball, location: 2F
1-2: Strikes out looking
Batting: RHB Alonso Holguín 0-0: Ball
1-0: Foul Ball, location: 2F
1-1: Swinging Strike
1-2: SINGLE (Groundball, 4MD)
Batting: LHB Seung-chun Mun 0-0: Ball
1-0: Foul Ball, location: 2F
1-1: Foul Ball, location: 2F
1-2: Fly out, F6 (Popup, 6MS)
Batting: LHB Mike Callahan 0-0: Ball
1-0: Foul Ball, location: 2F
1-1: Foul Ball, location: 2F
1-2: Ball
2-2: Ball
3-2: SINGLE (Groundball, 13) (infield hit)
Alonso Holguín to second
Batting: RHB Sergio Márquez 0-0: Ball
1-0: Ball
2-0: Called Strike
2-1: Fielders Choice at 2nd, U6 (Groundball, 6M)
Bottom of the 5th over - 0 run(s), 2 hit(s), 0 error(s), 2 left on base; Chicago 1 - Madison 4
TOP OF THE 6TH
Chicago Machine batting - Pitching for Madison Bombers : LHP Bill Moore
Batting: RHB Edward Young 0-0: Ball
1-0: Called Strike
1-1: Ball
2-1: Called Strike
2-2: Ground out 4-3 (Groundball, 4)
Batting: SHB José Alomar 0-0: Ball
1-0: DOUBLE (Line Drive, 78XD)
Batting: LHB Eric Wheeler 0-0: SINGLE (Flyball, 8RS)
José Alomar to third
Runner from 3rd tries for Home, SAFE, throw made home
Batting: SHB Jesús Ramírez 0-0: Ball
1-0: Ball
2-0: Ball
3-0: Base on Balls
Eric Wheeler to second
Batting: RHB Roberto Cardona 0-0: Ball
1-0: Ball
2-0: Foul Ball, location: 2F
2-1: Ball
3-1: Grounds into double play, 5-4-3 (Groundball, 5)
Top of the 6th over - 1 run(s), 2 hit(s), 0 error(s), 1 left on base; Chicago 2 - Madison 4
BOTTOM OF THE 6TH
Madison Bombers batting - Pitching for Chicago Machine : RHP Geoffrey Keller
Batting: LHB Sixto Cantú 0-0: Ground out 5-3 (Groundball, 5S)
Batting: RHB Quinton Martínez 0-0: SINGLE (Line Drive, 6MD)
Batting: SHB Dave MacThomas 0-0: Called Strike
0-1: Ball
1-1: Ball
2-1: Fielders Choice at 2nd, 4-6 (Groundball, 4)
Batting: LHB José Feliciano 0-0: Called Strike
0-1: Ball
1-1: Ground out 2-3 (Groundball, 15S)
Bottom of the 6th over - 0 run(s), 1 hit(s), 0 error(s), 1 left on base; Chicago 2 - Madison 4
TOP OF THE 7TH
Chicago Machine batting - Pitching for Madison Bombers : LHP Bill Moore
Pitching: RHP Manny Canseco
Batting: SHB Joaquín López 0-0: Ball
1-0: Ball
2-0: Foul Ball, location: 2F
2-1: Ground out 4-3 (Groundball, 34)
Batting: RHB Gonzalo Gil 0-0: Swinging Strike
0-1: Foul Ball, location: 2F
0-2: Ball
1-2: Strikes out swinging
Batting: RHB Derek Ramsey 0-0: Called Strike
0-1: Ball
1-1: Swinging Strike
1-2: Foul Ball, location: 2F
1-2: SINGLE (Groundball, 56D)
Batting: RHB Doug Stephens 0-0: Ball
1-0: Ball
2-0: Swinging Strike
2-1: Called Strike
2-2: Strikes out swinging
Top of the 7th over - 0 run(s), 1 hit(s), 0 error(s), 1 left on base; Chicago 2 - Madison 4
BOTTOM OF THE 7TH
Madison Bombers batting - Pitching for Chicago Machine : RHP Geoffrey Keller
Batting: RHB Guo-xiu Choi 0-0: Called Strike
0-1: Ball
1-1: Ground out 6-3 (Groundball, 56)
Batting: RHB Alonso Holguín 0-0: SINGLE (Flyball, 89S)
Batting: LHB Seung-chun Mun 0-0: Ball
1-0: Foul Ball, location: 2F
1-1: Ball
2-1: Ball
3-1: Called Strike
3-2: Fly out, F8 (Flyball, 8LS)
Batting: LHB Mike Callahan 0-0: SINGLE (Groundball, 4MD)
Alonso Holguín to second
Batting: RHB Sergio Márquez 0-0: SINGLE (Groundball, 6MD)
Alonso Holguín to third
Mike Callahan to second
Runner from 3rd tries for Home, SAFE, no throw or cutoff
Pitching: LHP John Lane
Batting: LHB Sixto Cantú 0-0: Ball
1-0: Called Strike
1-1: Ball
2-1: Swinging Strike
2-2: Strikes out looking
Bottom of the 7th over - 1 run(s), 3 hit(s), 0 error(s), 2 left on base; Chicago 2 - Madison 5
TOP OF THE 8TH
Chicago Machine batting - Pitching for Madison Bombers : RHP Manny Canseco
Batting: RHB Edward Young 0-0: Ball
1-0: Ball
2-0: Called Strike
2-1: Swinging Strike
2-2: Foul Ball, location: 2F
2-2: Ball
3-2: Base on Balls
Pitching: RHP Alonso Gallardo
Batting: SHB José Alomar 0-0: Ball
1-0: Fielders Choice at 2nd, 5-4 (Groundball, 5L)
Batting: LHB Eric Wheeler 0-0: Called Strike
0-1: Ball
1-1: Fly out, F8 (Popup, 8LS)
Batting: SHB Jesús Ramírez 0-0: Called Strike
0-1: Ball
1-1: Ball
2-1: Foul Ball, location: 2F
2-2: Strikes out swinging
Top of the 8th over - 0 run(s), 0 hit(s), 0 error(s), 1 left on base; Chicago 2 - Madison 5
BOTTOM OF THE 8TH
Madison Bombers batting - Pitching for Chicago Machine : LHP John Lane
Batting: RHB Quinton Martínez 0-0: Ball
1-0: Swinging Strike
1-1: Fly out, F7 (Flyball, 78S)
Batting: SHB Dave MacThomas 0-0: SINGLE (Groundball, 5D)
Batting: LHB José Feliciano 0-0: Called Strike
0-1: Ball
1-1: Ball
Wild Pitch!
Dave MacThomas to second
2-1: 2-RUN HOME RUN (Flyball, 78XD), Distance : 395 ft
Batting: RHB Guo-xiu Choi 0-0: Ground out 5-3 (Groundball, 15S)
Batting: RHB Alonso Holguín 0-0: Ball
1-0: Ball
2-0: Ball
3-0: Called Strike
3-1: Ground out 5-3 (Groundball, 56)
Bottom of the 8th over - 2 run(s), 2 hit(s), 0 error(s), 0 left on base; Chicago 2 - Madison 7
TOP OF THE 9TH
Chicago Machine batting - Pitching for Madison Bombers : RHP Alonso Gallardo
Now at SS: Greg King
Now in RF: John Denton
Batting: RHB Roberto Cardona 0-0: Foul Ball, location: 2F
0-1: Ball
1-1: Foul Ball, location: 2F
1-2: Foul Ball, location: 2F
1-2: Strikes out looking
Batting: SHB Joaquín López 0-0: Ball
1-0: Swinging Strike
1-1: SINGLE (Line Drive, 89S)
Batting: RHB Gonzalo Gil 0-0: Ball
1-0: Foul Ball, location: 2F
1-1: Ball
2-1: Ground out 5-3 (Groundball, 56S)
Joaquín López to second
Batting: RHB Derek Ramsey 0-0: Ball
1-0: SINGLE (Flyball, 8LS) - OUT at second base trying to stretch hit.
Joaquín López scores
Top of the 9th over - 1 run(s), 2 hit(s), 0 error(s), 0 left on base; Chicago 3 - Madison 7
Monday, December 5th, 2016 - OOTP Baseball 17.12 Build 75